 Dungeon Crawl Stone Soup version 0.20.1-1-g8b1a95d (webtiles) character file.

7 letownia2 the Grave Robber (level 1, -6/15 HPs)
             Began as a Deep Dwarf Necromancer on Nov 20, 2017.
             Mangled by an ogre
             ... wielding a +0 giant spiked club
              (13 damage)
             ... on level 4 of the Dungeon.
             The game lasted 00:01:25 (396 turns).

letownia2 the Grave Robber (Deep Dwarf Necromancer)  Turns: 396, Time: 00:01:26

Health: -6/15      AC:  5    Str: 11    XL:     1   Next: 83%
Magic:  3/3        EV: 11    Int: 15    God:
Gold:   39         SH:  0    Dex: 13    Spells: 3/4 levels left

rFire    . . .     SeeInvis .   (no weapon)
rCold    . . .     Gourm    .   (no shield)
rNeg     . . .     Faith    .   e - +0 ring mail
rPois    .         Spirit   .   (no helmet)
rElec    .         Reflect  .   (no cloak)
rCorr    .         Harm     .   (no gloves)
MR       .....                  (no boots)
Stlth    +.........             (no amulet)
Regen    0.0/turn               (no ring)
MPRegen  0.1/turn               (no ring)

@: non-regenerating
A: damage resistance, heal wounds, sense surroundings 1, no regeneration
a: Heal Wounds


You were on level 4 of the Dungeon.
You were not hungry.

You visited 1 branch of the dungeon, and saw 4 of its levels.

You collected 39 gold pieces.

Inventory:

Armour
 a - a +0 robe
 e - a +0 ring mail (worn)
Scrolls
 d - 3 scrolls of remove curse {unknown}
 f - 2 scrolls of teleportation {unknown}
 h - a scroll of recharging {unknown}
 l - a scroll of amnesia {unknown}
Potions
 i - 2 potions of haste {unknown}
 j - 2 potions of invisibility {unknown}
Books
 b - a book of Necromancy

   Spells                             Type                      Level
   a - Pain                           Necromancy                   1
   b - Animate Skeleton               Necromancy                   1
   c - Vampiric Draining              Necromancy                   3
   d - Regeneration                   Charms/Necromancy            3
   e - Animate Dead                   Necromancy                   4
   f - Control Undead                 Necromancy                   4
 k - a book of Changes

   Spells                             Type                      Level
   a - Beastly Appendage              Transmutation                1
   b - Sticks to Snakes               Transmutation                2
   c - Spider Form                    Transmutation/Poison         3
   d - Ice Form                       Ice/Transmutation            4
   e - Blade Hands                    Transmutation                5
Comestibles
 c - a bread ration
 g - 3 chunks of flesh


   Skills:
 - Level 2.1 Dodging
 - Level 2.4 Stealth
 - Level 2.0 Spellcasting
 + Level 4.6 Necromancy


You had 3 spell levels left.
You knew the following spells:

 Your Spells              Type           Power        Failure   Level  Hunger
a - Pain                  Necr           ###.         8%          1    #......


Dungeon Overview and Level Annotations

Branches:
Dungeon (4/15)
 Temple: D:4-7

Altars:

Annotations:
D:4 Edmund


Innate Abilities, Weirdness & Mutations

You are resistant to damage.
You can heal yourself by infusing magical energy.
You passively map a small area around you.
You do not regenerate.


Message History

You hear the slow hiss of a distant avalanche of sand.
The orc wizard casts a spell.
The orc wizard seems to speed up.
Found a scroll labeled MIYSUMP BOKHLOE.
Edmund the Younger comes into view.
He is wielding a dire flail of protection.
Edmund shouts!
Edmund moves out of view.
Found a club.
Found a stone staircase leading down.
The orc wizard gestures wildly while chanting.
The orc wizard flickers and vanishes!
You see here a scroll labeled MIYSUMP BOKHLOE.
A puff of flame appears from out of thin air!
The puff of flame hits you!
Found 12 gold pieces.
You see here 12 gold pieces.
Found a gold wand.
An orc comes into view. It is wielding a whip.
The ogre hits you with a giant spiked club!
Ouch! That really hurt!
You die...

, ##......., , ...... *
......#... ... ........ *....#
... ... ..#..... ##..#* ..
....,..##....
####..##∩+................
#.#..#l##*.#.........#.... ,
###.l##.l##.........##.....
..####..l###...#.........?......
#......{## +...@O...............
##.......###...#....... #.......
##..#.#..##.o##.......###......
## ####.l#.###................
##..## +o..##..........#
##.#.$###...##..#......## *
#......##.o.#...##.......
.........o#........#.......
..###...#.......o.....#.##.


You could see an ogre, 2 iguanas and 3 orcs.

Vanquished Creatures
  A hobgoblin (D:2)
  4 jackals (D:3)
5 creatures vanquished.

Notes
Turn   | Place    | Note
-------+----------+-------------------------------------------
     0 | D:1      | letownia2 the Deep Dwarf Necromancer began the quest for the Orb.
     0 | D:1      | Reached XP level 1. HP: 15/15 MP: 3/3
   286 | D:4      | Noticed an iguana
   309 | D:4      | Noticed an ogre
   328 | D:4      | Noticed an iguana
   347 | D:4      | Noticed an orc wizard
   373 | D:4      | Noticed Edmund
   396 | D:4      | Mangled by an ogre

Skill      XL: |  1 |
---------------+----+-----
Spellcasting   | 2 |  2.0
Dodging        | |  2.1
Stealth        | |  2.4
Necromancy     | |  4.6

Action                   || total
-------------------------++-------
 Cast: Pain              ||    12
Armor: Ring mail         ||     3
Dodge: Dodged            ||     6
